 Dungeon Crawl Stone Soup version 0.28.0 (webtiles) character file.

Game seed: 1316747217361242557

182993 SnakkuSnakku7 the Sharpshooter (level 17, -6/109 HPs)
             Began as a Vampire Fire Elementalist on Feb 14, 2022.
             Was the Champion of Okawaru.
             Mangled by a bunyip (43 damage)
             ... on level 4 of the Swamp on Feb 15, 2022.
             The game lasted 01:17:26 (29745 turns).

SnakkuSnakku7 the Sharpshooter (VpFE)              Turns: 29745, Time: 01:17:27

Health: -6/109     AC: 30    Str: 17    XL:     17   Next: 73%
Magic:  23/23      EV: 15    Int: 21    God:    Okawaru [******]
Gold:   1376       SH:  0    Dex: 16    Spells: 19/20 levels left

rFire   . . .      SeeInvis +   a - +9 arbalest (freeze)
rCold   + + .      Faith    .   (shield currently unavailable)
rNeg    + + +      Spirit   .   r - +4 storm dragon scales
rPois   ∞          Reflect  .   I - +2 helmet {Int+3}
rElec   +          Harm     .   B - +2 cloak
rCorr   .          Rampage  .   j - +2 pair of gloves
Will    ++...                   W - +0 pair of boots
Stlth   +.........              D - amulet of regeneration
HPRegen 0.00/turn               K - ring "Haehocs" {Will+ Str+4}
MPRegen 0.18/turn               A - +4 ring of evasion

@: bloodless, inhibited regen
A: bloodless, fangs 3, see invisible, vampiric 2
a: Bat Form, Revivify, Renounce Religion, Heroism, Finesse, Duel


You were on level 4 of the Swamp.
You worshipped Okawaru.
Okawaru was exalted by your worship.
You visited 5 branches of the dungeon, and saw 28 of its levels.
You also visited: Trove, Bailey and Ice Cave.

You collected 2770 gold pieces.
You spent 1394 gold pieces at shops.

Inventory:

Hand Weapons
 a - a +9 arbalest of freezing (weapon)
 b - a +4 morningstar
 P - a +3 triple crossbow of freezing
Missiles
 q - 302 bolts (quivered ammo)
Armour
 j - a +2 pair of gloves (worn)
 p - +0 swamp dragon scales
 r - +4 storm dragon scales (worn)
 B - a +2 cloak (worn)
 I - a +2 helmet of intelligence (worn)
 J - a +4 chain mail of poison resistance
 W - a +0 pair of boots (worn)
Jewellery
 g - a ring of wizardry
 m - a +6 ring of dexterity
 w - the ring of Mixuef Noto {rC+ rN+ Dex+5}
   (You found it on level 4 of the Dungeon)

   [ring of protection from cold]

   Dex:       It affects your dexterity (+5).
   rC:        It protects you from cold.
   rN:        It protects you from negative energy.
 A - a +4 ring of evasion (right hand)
 D - an amulet of regeneration (around neck)
 K - the ring "Haehocs" (left hand) {Will+ Str+4}
   (You found it on level 10 of the Dungeon)

   [ring of willpower]

   Str:       It affects your strength (+4).
   Will:      It increases your willpower.
 R - a ring of fire
Wands
 t - a wand of flame (4)
 u - a wand of digging (2)
 x - a wand of acid (3)
 y - a wand of polymorph (5)
 z - a wand of mindburst (8)
 F - a wand of iceblast (14)
 U - a wand of paralysis (8)
Scrolls
 e - 14 scrolls of teleportation
 h - 2 scrolls of fog
 k - a scroll of amnesia
 H - 2 scrolls of immolation
 N - 2 scrolls of vulnerability
 O - 2 scrolls of magic mapping
Potions
 c - 2 potions of might
 d - 3 potions of resistance
 f - 2 potions of cancellation
 i - a potion of berserk rage
 l - 4 potions of attraction
 n - 15 potions of curing
 o - 2 potions of haste
 s - a potion of mutation
 v - a potion of flight
 C - 2 potions of invisibility
 E - 2 potions of magic
 M - 11 potions of ambrosia
Miscellaneous
 Q - a phial of floods


   Skills:
 + Level 13.5 Fighting
 - Level 19.1 Crossbows
 - Level 10.0 Armour
 - Level 10.0 Dodging
 - Level 3.0 Stealth
 - Level 6.4 Unarmed Combat
 - Level 2.0 Spellcasting
 - Level 0.6 Conjurations
 - Level 2.4 Fire Magic
 - Level 9.1 Invocations


You had 19 spell levels left.
You knew the following spells:

 Your Spells              Type           Power      Damage    Failure   Level
a - Foxfire               Conj/Fire      32%        2x1d5     58%         1

Your spell library contained the following spells:

 Spells                   Type           Power      Damage    Failure   Level
 Scorch                   Fire           24%        2d6       63%         2
 Magic Dart               Conj           16%        1d3       73%         1
 Apportation              Tloc           4%         N/A       80%         1
 Slow                     Hex            8%         N/A       80%         1
 Searing Ray              Conj           8%         2d4       86%         2
 Static Discharge         Conj/Air       3%         N/A       88%         2
 Ensorcelled Hibernation  Hex/Ice        4%         N/A       91%         2
 Sublimation of Blood     Necr           2%         N/A       91%         2
 Conjure Flame            Conj/Fire      8%         6-21      92%         3
 Inner Flame              Hex/Fire       7%         N/A       95%         3
 Stone Arrow              Conj/Erth      6%         3d7       98%         3
 Confusing Touch          Hex            2%         N/A       99%         3
 Gell's Gravitas          Tloc           2%         N/A       99%         3
 Spider Form              Tmut/Pois      2%         N/A       99%         3
 Teleport Other           Tloc           2%         N/A       99%         3
 Vampiric Draining        Necr           2%         2d6       99%         3
 Airstrike                Air            1%         N/A       100%        4
 Anguish                  Hex/Necr       1%         N/A       100%        4
 Cause Fear               Hex            1%         N/A       100%        4
 Dispel Undead            Necr           2%         3d7       100%        4
 Flame Wave               Conj/Fire      8%         2d5       100%        4
 Fulminant Prism          Conj/Hex       1%         3d6       100%        4
 Hailstorm                Conj/Ice       3%         3d3       100%        4
 Ice Form                 Ice/Tmut       2%         N/A       100%        4
 Passage of Golubria      Tloc           2%         N/A       100%        4
 Petrify                  Tmut/Erth      2%         N/A       100%        4
 Sticky Flame             Conj/Fire      8%         2d3       100%        4
 Alistair's Intoxication  Tmut/Pois      1%         N/A       100%        5
 Irradiate                Conj/Tmut      1%         3d13      100%        5
 Lightning Bolt           Conj/Air       1%         1d12      100%        5
 Yara's Violent Unravell  Hex/Tmut       1%         3d3       100%        5
 Dispersal                Tloc           1%         N/A       100%        6
 Dragon Form              Tmut           1%         N/A       100%        7
 Lehudib's Crystal Spear  Conj/Erth      1%         10d2      100%        8
 Tukima's Dance           Hex            Unusable   N/A       N/A         3
 Animate Armour           Summ/Erth      Unusable   N/A       N/A         4
 Summon Lightning Spire   Summ/Air       Unusable   N/A       N/A         4
 Simulacrum               Ice/Necr       Unusable   N/A       N/A         6
 Summon Cactus Giant      Summ           Unusable   N/A       N/A         6
 Dragon's Call            Summ           Unusable   N/A       N/A         9

Dungeon Overview and Level Annotations

Branches:
Dungeon (15/15)            Temple (1/1) D:6            Lair (6/6) D:8
  Swamp (4/4) Lair:4       Spider (0/4) Lair:3        Slime (0/5) Lair:5
    Orc (2/2) D:9             Elf (0/3) Orc:2        Vaults (0/5) D:14
 Depths (0/4) D:15         Bailey (visited)           IceCv (visited)

Altars:
Cheibriados
Dithmenos
Elyvilon
Gozag
Hepliaklqana
Nemelex Xobeh
Okawaru
Ru
Trog
Wu Jian
Xom
Yredelemnul
Beogh
Jiyva

Shops:
D:4 *   D:5 *   Orc:1 *   Orc:2 ((*(

Annotations:
Swamp:2 Roxanne


Innate Abilities, Weirdness & Mutations

You do not regenerate when monsters are visible.
You are frail without blood (-20% HP).
You can heal yourself when you bite living creatures.
You are immune to poison.
You have razor-sharp teeth.
You have supernaturally acute eyesight. (SInv)
You are afflicted with vampirism and can become a bat while bloodless.


Message History

Moving in this stuff is going to be slow.
Partly explored, can't reach some places.
Partly explored, can't reach some places.
(D) Dungeon (T) Temple (L) Lair (S) Swamp (N) Spider Nest (M) Slime Pits (O) Orcish Mines (E) Elven Halls (V) Vaults (U) Depths
Where to? (Enter - Swamp:2 @ (x,y), ? - help)
You enter the shallow water.
Moving in this stuff is going to be slow.
You enter the shallow water.
Moving in this stuff is going to be slow.
You enter the shallow water.
Moving in this stuff is going to be slow.
There is a stone staircase leading down here.
You climb downwards.
Found 17 gold pieces.
There is a stone staircase leading up here.
There are monsters nearby!
Unknown command.
You shoot a bolt. The bolt hits the spriggan druid!!
The bolt freezes the spriggan druid!
With its final breath, the spriggan druid offers up its power to the beasts of the wild!
The bunyip seems to grow more fierce.
You kill the spriggan druid!
Okawaru accepts your kill.
The bunyip gives a hideous shriek!
Fire: 305 bolts
Press: ? - help, Q - select action, (/) - cycle Shift-Dir - straight line, f - bunyip
Aim: a bunyip (strong, 78% to hit)
You shoot a bolt.
The bolt hits the bunyip but does no damage.
Unknown command.
You shoot a bolt. The bolt hits the bunyip!
The bolt freezes the bunyip.
The bunyip is moderately wounded.
You hear a splash.
You shoot a bolt. The bolt hits the bunyip!!
The bolt freezes the bunyip.
The bunyip is severely wounded.
You hear a splash.
The bunyip claws you!! The bunyip claws you!!! x2
You die...

.♣♣♣ ♣♣♣♣♣♣♣
.≈≈≈♣ .$≈.≈≈≈
≈≈≈.≈♣♣ .≈≈≈≈.≈
≈≈≈(... ..≈.♣..
≈.....≈♣≈.≈..≈§
♣....@.≈...≈≈
♣≈≈≈x..≈≈≈≈≈≈
≈.≈≈≈(...≈≈.≈≈≈
≈≈≈≈≈≈..≈≈...≈≈
≈≈≈(..≈≈≈§....§
≈≈.≈...≈≈≈...≈.
≈.♣♣♣♣.......♣≈
≈≈ .≈...≈≈≈♣


You could see a bunyip (strong).

Vanquished Creatures
  A tentacled monstrosity (Swamp:3)
  A thorn hunter (Swamp:3)
  Kirke (Arena)
  A fenstrider witch (Swamp:2)
  Aizul (Swamp:1)
  Louise (Swamp:2)
  A stone giant (D:15)
  3 eleionomae (Swamp:1)
  5 bunyips
  Snorg (Lair:5)
  Josephine (Lair:5)
  4 vault guards
  2 ogre magi
  4 boulder beetles
  8 alligators
  13 hydras
  The ghost of bmoney the Thaumaturge, a journeyman DjCj of Makhleb (D:11)
  4 catoblepae
  9 centaur warriors
  A death knight (D:12)
  13 two-headed ogres
  A deep troll shaman (Lair:6)
  3 death yaks (Lair:6)
  3 tengu warriors
  Urug (D:13)
  4 skeletal warriors (D:13)
  A goliath frog (Swamp:2)
  5 swamp dragons
  5 bog bodies
  5 spriggan druids
  4 deep elf pyromancers (D:14)
  2 orc knights
  A lindwurm (Lair:6)
  13 ugly things
  5 cyclopes
  6 orc sorcerers (Orc:2)
  4 will-o-the-wisps
  A manticore (D:13)
  16 elephants
  Joseph (D:8)
  A centaur zombie (D:10)
  8 black mambas
  A molten gargoyle (D:13)
  A torpor snail (Lair:6)
  A cane toad (shapeshifter) (D:14)
  Maggie (D:8)
  2 gargoyles (D:11)
  9 cane toads
  An unseen horror (shapeshifter) (D:13)
  9 komodo dragons
  2 kobold demonologists (D:11)
  A tengu conjurer (D:13)
  A rime drake (Lair:3)
  2 efreet (D:14)
  An anaconda simulacrum (IceCv)
  2 ice devils (Lair:1)
  3 bloated husks (Swamp:2)
  2 polar bears (Lair:6)
  12 trolls
  5 hornets
  A meliai (shapeshifter) (D:14)
  3 tyrant leeches
  The ghost of bmoney the Magician, an amateur DjCj (D:4)
  9 slime creatures
  7 meliai
  A queen bee (Lair:4)
  Grinder (D:4)
  Prince Ribbit (D:5)
  18 blink frogs
  9 dream sheep
  A centaur simulacrum (D:14)
  2 shadows (D:12)
  A jumping spider (Lair:2)
  5 spriggans
  6 wyverns
  3 wraiths
  2 vampires
  6 humans
  34 yaks
  A basilisk (shapeshifter) (D:14)
  A redback (Lair:3)
  A steam dragon (Lair:3)
  6 basilisks
  Grum (D:7)
  Menkaure (D:6)
  5 wargs (Orc:2)
  7 vampire mosquitoes
  12 swamp worms
  3 acid dragons
  14 water moccasins
  5 swamp drakes
  Duvessa (D:4)
  4 black bears
  21 orc warriors
  2 ice beasts
  A necrophage (D:4)
  3 sky beasts
  23 wolves
  11 ogres
  20 centaurs
  A phantom (D:5)
  3 kobold brigands
  15 bullfrogs
  Blork the orc (D:4)
  A gnoll sergeant (D:12)
  A wyvern zombie (D:8)
  3 scorpions
  A water moccasin zombie (D:7)
  Dowan (D:4)
  An elephant simulacrum (IceCv)
  27 killer bees
  12 howler monkeys
  17 wights
  3 electric eels
  2 hounds
  9 orc priests
  Jessica (D:2)
  5 iguanas
  49 orc wizards
  Ijyb (D:5)
  2 killer bee zombies
  A hound skeleton (D:4)
  2 howler monkey zombies
  3 howler monkey skeletons
  7 gnolls
  2 adders (D:4)
  A shadow imp (D:6)
  An adder skeleton (D:4)
  2 worms
  3 dart slugs
  89 orcs
  4 bats
  6 endoplasms
  5 giant cockroaches
  12 goblins
  7 hobgoblins
  23 kobolds
  2 quokkas
  8 ball pythons
  5 frilled lizards
  10 rats
825 creatures vanquished.

Vanquished Creatures (others)
  3 bloated husks
  An orc (Orc:2)
  32 foxfires
  29 fungi
  101 plants
166 creatures vanquished.

Grand Total: 991 creatures vanquished

Notes
Turn   | Place    | Note
-------+----------+-------------------------------------------
     0 | D:1      | SnakkuSnakku7 the Vampire Fire Elementalist began the quest
                  | for the Orb.
     0 | D:1      | Reached XP level 1. HP: 13/13 MP: 3/3
    88 | D:1      | Reached skill level 1 in Unarmed Combat
   218 | D:1      | Reached XP level 2. HP: 17/19 MP: 5/5
   792 | D:2      | Gained mutation: You are afflicted with vampirism and can
                  | become a bat while bloodless. [Vampire growth]
   792 | D:2      | Reached XP level 3. HP: 12/24 MP: 2/6
   852 | D:2      | Noticed Jessica
   867 | D:2      | Killed Jessica
  1073 | D:2      | Found a shadowy altar of Dithmenos.
  1179 | D:2      | Reached XP level 4. HP: 30/30 MP: 7/7
  1910 | D:3      | Found a faded altar of an unknown god.
  2219 | D:4      | Noticed an ogre
  2325 | D:4      | Found a runed translucent door.
  2446 | D:4      | Reached skill level 5 in Unarmed Combat
  2525 | D:4      | Reached XP level 5. HP: 35/35 MP: 8/8
  2671 | D:4      | Noticed bmoney's ghost (amateur DjCj)
  2676 | D:4      | Found Rostreg's Retail Resort.
  2676 | D:4      | Noticed Blork the orc
  2698 | D:4      | Killed Blork the orc
  2815 | D:3      | Reached XP level 6. HP: 35/41 MP: 9/9
  2841 | D:4      | Reached skill level 1 in Crossbows
  2988 | D:4      | Reached skill level 2 in Crossbows
  3119 | D:4      | Identified the ring of Mixuef Noto {rC+ rN+ Dex+5}
  3235 | D:4      | Noticed Duvessa
  3255 | D:4      | Noticed Dowan
  3271 | D:4      | Killed Duvessa
  3272 | D:4      | Reached skill level 3 in Crossbows
  3272 | D:4      | Reached XP level 7. HP: 44/46 MP: 10/10
  3272 | D:4      | Killed Dowan
  3525 | D:4      | Reached skill level 4 in Crossbows
  3624 | D:5      | Entered Level 5 of the Dungeon
  3718 | D:5      | Noticed Ijyb
  3734 | D:5      | Noticed Grinder
  3751 | D:5      | Paralysed by Grinder for 5 turns
  3758 | D:5      | Paralysed by Grinder for 2 turns
  3787 | D:4      | Killed Grinder
  3788 | D:4      | Reached skill level 5 in Crossbows
  3788 | D:4      | Reached XP level 8. HP: 18/41 MP: 11/11
  3969 | D:5      | Reached skill level 6 in Crossbows
  4067 | D:5      | Noticed Prince Ribbit
  4283 | D:5      | Found Ruumat's Neck Hole.
  4289 | D:5      | Bought a +0 cloak for 58 gold pieces
  5143 | D:5      | Reached skill level 7 in Crossbows
  5682 | D:6      | Found a staircase to the Ecumenical Temple.
  5695 | Temple   | Entered the Ecumenical Temple
  5829 | Temple   | Became a worshipper of Warmaster Okawaru
  5969 | D:6      | Noticed Menkaure
  5976 | D:6      | Killed Menkaure
  6024 | D:6      | Reached skill level 8 in Crossbows
  6219 | D:6      | Reached XP level 9. HP: 56/57 MP: 12/12
  6245 | D:6      | Reached skill level 10 in Fighting
  6245 | D:6      | Reached XP level 10. HP: 86/86 MP: 13/13
  6274 | D:6      | Reached * piety under Okawaru
  6279 | D:6      | Found a snail-covered altar of Cheibriados.
  6548 | D:5      | Killed Ijyb
  6596 | D:5      | Killed Prince Ribbit
  6848 | D:7      | Reached skill level 9 in Crossbows
  6958 | D:7      | Paralysed by a hornet for 2 turns
  7142 | D:7      | Found a flagged portal.
  7200 | Bailey   | Entered a bailey
  7212 | Bailey   | Noticed an orc warlord
  7306 | Bailey   | Found a runed translucent gate.
  7308 | Bailey   | Found a runed translucent gate.
  7439 | Bailey   | Found a runed translucent gate.
  7607 | D:7      | Reached skill level 11 in Crossbows
  7607 | D:7      | Reached XP level 11. HP: 73/82 MP: 14/14
  8032 | D:4      | Bought an amulet of regeneration for 300 gold pieces
  8077 | D:4      | Killed bmoney's ghost
  8210 | D:8      | Noticed Grum
  8257 | D:7      | Reached skill level 12 in Crossbows
  8446 | D:7      | Reached ** piety under Okawaru
  8703 | D:7      | Killed Grum
  8733 | D:8      | Found a staircase to the Lair.
  8733 | D:8      | Noticed Maggie
  9001 | D:8      | Killed Maggie
  9220 | D:8      | Noticed Joseph
  9246 | D:8      | Killed Joseph
  9397 | D:9      | Reached *** piety under Okawaru
  9531 | D:9      | Reached skill level 13 in Crossbows
  9916 | D:9      | Noticed a two-headed ogre
 10166 | D:9      | Reached XP level 12. HP: 96/99 MP: 15/15
 10388 | D:9      | Killed a two-headed ogre
 10511 | D:9      | Found a staircase to the Orcish Mines.
 10603 | D:10     | Entered Level 10 of the Dungeon
 10794 | D:10     | Reached **** piety under Okawaru
 10979 | D:10     | Received a gift from Okawaru
 11022 | D:10     | Found Lanots's Magic Scroll Shoppe.
 11064 | D:10     | Bought a scroll of teleportation for 36 gold pieces
 11064 | D:10     | Bought a scroll of identify for 24 gold pieces
 11064 | D:10     | Bought a scroll of fog for 24 gold pieces
 11064 | D:10     | Bought a scroll of blinking for 90 gold pieces
 11064 | D:10     | Bought a scroll of identify for 24 gold pieces
 11064 | D:10     | Bought a scroll of immolation for 42 gold pieces
 11166 | D:10     | Noticed an ogre mage
 11176 | D:10     | Killed an ogre mage
 11185 | D:10     | Noticed a boulder beetle
 11390 | D:10     | Identified the ring "Haehocs" {Will+ Str+4}
 11916 | Lair:1   | Entered Level 1 of the Lair of Beasts
 11923 | Lair:1   | Identified a scroll of acquirement
 11923 | Lair:1   | Acquired a manual of Crossbows
 12007 | D:8      | Reached skill level 14 in Crossbows
 12165 | Lair:1   | Found a frozen archway.
 12185 | IceCv    | Entered an ice cave
 12191 | IceCv    | Found a transporter.
 12197 | IceCv    | Received a gift from Okawaru
 12540 | Lair:1   | Reached skill level 15 in Crossbows
 12599 | Lair:1   | Noticed a catoblepas
 12644 | Lair:1   | Killed a catoblepas
 12644 | Lair:1   | Received a gift from Okawaru
 13226 | Lair:2   | Reached ***** piety under Okawaru
 13248 | Lair:2   | Reached skill level 16 in Crossbows
 13286 | Lair:2   | Reached skill level 1 in Invocations
 13397 | Lair:2   | Identified the +0 plate armour of Okawaru's Approval {*Slow
                  | rF+ rN++ Dex+2} (Okawaru gifted it to you on level 2 of the
                  | Lair of Beasts)
 13397 | Lair:2   | Received a gift from Okawaru
 13453 | Lair:2   | Noticed a six-headed hydra
 13645 | Lair:2   | Found a dark tunnel.
 14024 | Lair:2   | Reached XP level 13. HP: 63/104 MP: 16/16
 14650 | Lair:3   | Reached skill level 5 in Invocations
 15077 | Lair:3   | Found a hole to the Spider Nest.
 15319 | Lair:3   | Noticed Snorg
 15869 | Lair:4   | Reached skill level 17 in Crossbows
 16212 | Lair:4   | Received a gift from Okawaru
 16298 | Lair:4   | Found a staircase to the Swamp.
 17080 | Lair:5   | Received a gift from Okawaru
 17353 | Lair:5   | Found a staircase to the Slime Pits.
 17353 | Lair:5   | Found a viscous altar of Jiyva.
 17575 | Lair:5   | Received a gift from Okawaru
 17589 | Lair:5   | Reached skill level 18 in Crossbows
 17675 | Lair:5   | Received a gift from Okawaru
 18038 | Lair:6   | Entered Level 6 of the Lair of Beasts
 18086 | Lair:5   | Killed Snorg
 18086 | Lair:5   | Received a gift from Okawaru
 18279 | Lair:5   | Received a gift from Okawaru
 18286 | Lair:5   | Reached XP level 14. HP: 109/111 MP: 17/17
 18525 | Lair:6   | Noticed Josephine
 18534 | Lair:6   | Received a gift from Okawaru
 18548 | Lair:5   | Killed Josephine
 18852 | Lair:6   | Reached ****** piety under Okawaru
 18852 | Lair:6   | Received a gift from Okawaru
 18862 | Lair:6   | Reached skill level 19 in Crossbows
 18946 | Lair:6   | Reached skill level 1 in Armour
 20135 | D:11     | Reached skill level 5 in Armour
 20135 | D:11     | Identified the +1 hat of Verarchif {rC+} (Okawaru gifted it
                  | to you on level 11 of the Dungeon)
 20135 | D:11     | Received a gift from Okawaru
 20442 | D:11     | Found an iron altar of Okawaru.
 20539 | D:11     | Found a transporter.
 20541 | D:11     | Noticed bmoney's ghost (journeyman DjCj)
 20542 | D:11     | Identified the +3 great mace "Humuri" {vorpal, +Blink rElec
                  | Dex-3}
 20610 | D:11     | Found a portal to a secret trove of treasure.
 20616 | D:11     | You paid a toll of 6 scrolls of fog to enter a treasure
                  | trove
 20617 | Trove    | Entered a treasure trove
 20619 | Trove    | Found the +8 longbow "Zephyr" {speed, Dex+3 SInv}
 20622 | Trove    | Identified the +0 animal skin "Ylysch" {+Blink rF+ Int+3}
 20635 | Trove    | Identified the +0 chain mail of the Trout {+Blink rElec rF+
                  | Will+}
 21694 | Orc:1    | Entered Level 1 of the Orcish Mines
 21694 | Orc:1    | You fall into a shaft and drop 1 floor!
 21694 | Orc:2    | Entered Level 2 of the Orcish Mines
 21717 | Orc:1    | Found Weunk's General Store.
 21752 | Orc:1    | Bought a scroll of enchant weapon for 90 gold pieces
 21752 | Orc:1    | Bought a scroll of enchant armour for 90 gold pieces
 21954 | Orc:1    | Reached XP level 15. HP: 117/117 MP: 18/18
 22264 | Orc:2    | Found a staircase to the Elven Halls.
 22813 | Orc:2    | Received a gift from Okawaru
 22845 | Orc:2    | Found Hozufe's Weapon Boutique.
 22845 | Orc:2    | Found Hiyvvok's Assorted Antiques.
 22866 | Orc:2    | Bought a scroll of fog for 56 gold pieces
 22866 | Orc:2    | Bought 2 potions of resistance for 560 gold pieces
 22996 | Orc:2    | Found Itoguc's Antique Weapon Shoppe.
 23024 | Orc:2    | Found Esanuan's Weapon Boutique.
 23581 | D:13     | Noticed Urug
 23587 | D:13     | Killed Urug
 24090 | D:13     | Received a gift from Okawaru
 24114 | D:13     | Reached skill level 10 in Armour
 24351 | D:13     | Found a hazy altar of Hepliaklqana.
 24480 | D:13     | Found a faded altar of an unknown god.
 24634 | D:14     | Reached skill level 5 in Dodging
 24737 | D:14     | Found a shadowy altar of Dithmenos.
 24906 | D:14     | Identified the +0 ring mail of the Lobster {Dex+2}
 24909 | D:14     | Found a gate to the Vaults.
 24935 | D:14     | Received a gift from Okawaru
 24942 | D:14     | Identified the +3 ring mail "Rodoid" {rN+ Will++ Int-5}
                  | (Okawaru gifted it to you on level 14 of the Dungeon)
 24942 | D:14     | Received a gift from Okawaru
 25395 | D:15     | Entered Level 15 of the Dungeon
 25877 | D:15     | Found a staircase to the Depths.
 25898 | D:15     | Reached skill level 10 in Dodging
 26329 | D:11     | Found a transporter.
 26351 | D:11     | Reached XP level 16. HP: 102/124 MP: 20/20
 26397 | D:11     | Killed bmoney's ghost
 26406 | D:11     | Identified the +4 hunting sling of Quucrir {freeze, rC-
                  | Int+5}
 26576 | Swamp:1  | Entered Level 1 of the Swamp
 27029 | Swamp:1  | Noticed Aizul
 27075 | Swamp:1  | Identified the +2 arbalest "Ihocw" {flame, Drain rC+ Int+5}
                  | (Okawaru gifted it to you on level 1 of the Swamp)
 27075 | Swamp:1  | Received a gift from Okawaru
 27114 | Swamp:1  | Killed Aizul
 27187 | Swamp:1  | Reached XP level 17. HP: 103/103 MP: 21/23
 27930 | Swamp:2  | Noticed Kirke
 27939 | Arena    | Entered the Arena
 27948 | Arena    | Killed Kirke
 28036 | Swamp:2  | Noticed Louise
 28061 | Swamp:2  | Killed Louise
 28061 | Swamp:2  | Received a gift from Okawaru
 28204 | Swamp:2  | Received a gift from Okawaru
 28388 | Swamp:2  | Noticed Roxanne
 28769 | Swamp:3  | Noticed a tentacled monstrosity
 28853 | Swamp:3  | Received a gift from Okawaru
 29134 | Swamp:3  | Killed a tentacled monstrosity
 29741 | Swamp:4  | Entered Level 4 of the Swamp
 29745 | Swamp:4  | Mangled by a bunyip

Illustrated notes

Levels and vault maps discovered:
D:1:      onia_arrival_mini_spirals, layout_loops_ring
D:2:      minmay_alternating_diamond, layout_loops_corners, basic_altar,
          uniq_jessica
D:3:      layout_basic, shapermc_ecumenical_altar_mp_ritualfount
D:4:      kennysheep_six_static_rooms, layout_basic, ebering_ghost_sewer_d,
          kennysheep_big_empty_room, nicolae_alphabet_shops,
          chequers_serial_rivers_micro_a, minmay_hedge_maze, uniq_blork_the_orc,
          uniq_duvessa
D:5:      layout_cave_pools, minivault_19, nicolae_shop_sticking_my_neck_out,
          uniq_prince_ribbit1, uniq_ijyb, uniq_grinder
D:6:      layout_basic, marbit_many_paths, minmay_temple_entry_statues_pillars,
          chequers_hall_statues_y, uniq_menkaure
D:7:      layout_cave_pools, enter_bailey_5
D:8:      layout_rooms, minmay_lair_entry_grove, uniq_maggie, uniq_joseph,
          uniq_grum
D:9:      layout_loops_ring, erik_orc_2, minmay_misc_feat_secret_circle,
          hangedman_decor_slide_cut, hex_large
D:10:     layout_layer_cave, serial_shops, shop, minmay_diamond_spiral
D:11:     layout_cave_pools, enter_trove_6, gammafunk_ghost_smash,
          amethyst_killhole, okawaru_humans
D:12:     layout_cave_pods, st_stairs_6
D:13:     layout_roguey, beargit_hepliaklqana_dungeon_heroes, uniq_urug
D:14:     layout_basic, lightli_vaults_fourway_checkpoint,
          nicolae_dithmenos_the_darkroom
D:15:     grunt_enter_depths_snipers, layout_cave_pools,
          nicolae_concentric_dashed_squares_mild
Temple:   mainiacjoe_temple_trianglar_array
Lair:1:   layout_chaotic_city, portal_ice_cave_demonic_guard,
          grunt_forest_large_clearing_hut
Lair:2:   layout_cave_pods, nicolae_volcano_entry_s_turn, grunt_megastairs_5
Lair:3:   layout_hall_layers, spider_nest_entry_funnel_web,
          serial_bayou_lagoon_a, uniq_snorg
Lair:4:   layout_roguey [special_room_bee], swamp_mist
Lair:5:   layout_long_grid, slime_altar_1, columned_hall_lemuel
Lair:6:   grunt_lair_end_beastmaster, layout_cellular_growth,
          chequers_serial_rivers_micro_e, grunt_megastairs_1, uniq_josephine
Swamp:1:  layout_falls_marsh, nicolae_swamp_tree_isthmus, uniq_aizul
Swamp:2:  nicolae_swamp_husk_halls, layout_falls_marsh,
          evilmike_swamp_ruin_house_5, uniq_kirke, uniq_roxanne, uniq_louise
Swamp:3:  layout_basic_swamp, evilmike_swamp_ruin_house_2, swamp_pool1,
          st_swamp_ruins_4
Swamp:4:  swamp_icy, layout_basic_swamp, swamp_pool2, nicolae_swamp_some_circles
Orc:1:    layout_caves, serial_shops, nicolae_shop_stone, mines1_david
Orc:2:    st_orc_town, layout_caves, lightli_orcish_oven

Skill      XL: |  1  2  3  4  5  6  7  8  9 10 11 12 13 14 15 16 17 |
---------------+----------------------------------------------------+-----
Unarmed Combat | 1 3 4 5 6 |  6.4
Crossbows      | 3 5 8 11 13 16 18 19 | 19.1
Fighting       | 10 13 | 13.5
Invocations    | 3 5 9 |  9.1
Armour         | 7 10 | 10.0
Dodging        | 10 | 10.0
Stealth        | |  3.0
Spellcasting   | |  2.0
Conjurations   | |  0.6
Fire Magic     | |  2.4

Action                   |  1- 3 |  4- 6 |  7- 9 | 10-12 | 13-15 | 16-18 || total
-------------------------+-------+-------+-------+-------+-------+-------++-------
Melee: Unarmed           |   127 |   185 |   308 |  1251 |    60 |       ||  1931
       Bite              |    10 |    16 |    34 |   216 |    27 |       ||   303
       Punch             |     1 |       |    12 |    97 |     5 |       ||   115
       Morningstar       |       |       |       |       |    72 |       ||    72
 Fire: Triple crossbow   |       |     9 |    16 |    74 |   498 |       ||   597
       Arbalest          |       |       |       |       |   886 |   362 ||  1248
Throw: Dart              |       |       |       |    10 |       |       ||    10
 Cast: Foxfire           |    11 |     5 |       |     1 |       |       ||    17
Invok: Heroism           |       |       |       |    10 |     2 |       ||    12
       Finesse           |       |       |       |       |     1 |       ||     1
       Duel              |       |       |       |       |       |     1 ||     1
 Abil: Exsanguinate      |       |       |     1 |     1 |       |     1 ||     3
       Revivify          |       |       |     1 |     1 |       |       ||     2
       End Transformatio |       |       |       |     1 |       |       ||     1
       Bat Form          |       |       |       |     1 |       |       ||     1
Evoke: Wand              |       |       |     1 |    39 |     2 |       ||    42
  Use: Potion            |       |     3 |     1 |     3 |     3 |     4 ||    14
       Scroll            |       |     3 |     7 |    20 |    16 |     9 ||    55
 Stab: Sleeping          |     6 |     2 |     1 |     1 |       |       ||    10
       Distracted        |       |       |       |     3 |       |       ||     3
       Petrified         |       |       |       |     6 |       |       ||     6
Armor: Robe              |    27 |    15 |    69 |   173 |       |       ||   284
       Ring mail         |       |    37 |       |       |       |       ||    37
       Swamp dragon scal |       |       |       |   156 |       |       ||   156
       Chain mail        |       |       |       |   403 |   584 |       ||   987
       Storm dragon scal |       |       |       |       |   361 |   129 ||   490
       Skin              |       |       |       |       |    15 |       ||    15
Dodge: Dodged            |    74 |    87 |   159 |   713 |   830 |   128 ||  1991
Block: Buckler           |     7 |    21 |       |       |       |       ||    28
